 Dungeon Crawl Stone Soup version 0.30-a0-629-gd54f4be4f7 (webtiles) character file.

Game seed: 7277445827650941057

39 pyrow613 the Sneak (level 3, 0/30 HPs)
             Began as a Demigod Brigand on Jan 12, 2023.
             Slain by Sigmund
             ... wielding a +2 antimagic scythe
              (9 damage)
             ... on level 2 of the Dungeon.
             The game lasted 00:03:02 (1094 turns).

pyrow613 the Sneak (Demigod Brigand)                Turns: 1094, Time: 00:03:03

Health: 0/30       AC:  4    Str: 16    XL:     3   Next: 11%
Magic:  0/5        EV: 11    Int: 13    God:
Gold:   80         SH:  0    Dex: 15    Spells: 2/2 levels left

rFire   . . .      SeeInvis .    a - +2 dagger
rCold   . . .      Faith    .    (no shield)
rNeg    . . .      Spirit   .    i - +0 leather armour
rPois   .          Reflect  .    (no helmet)
rElec   .          Harm     .    c - +0 cloak
rCorr   .          Rampage  .    (no gloves)
Will    .....                    (no boots)
Stlth   +                        (no amulet)
HPRegen 0.25/turn                (no ring)
MPRegen 0.09/turn                (no ring)

@: confused
A: high MP 1, forlorn, divine attributes
a: no special abilities


You were on level 2 of the Dungeon.
You visited 1 branch of the dungeon, and saw 2 of its levels.

You collected 80 gold pieces.

Inventory:

Hand Weapons
 a - a +2 dagger (weapon)
Missiles
 d - 13 poisoned darts (quivered)
 e - 3 curare-tipped darts
Armour
 c - a +0 cloak (worn)
 i - a +0 leather armour (worn)
Scrolls
 f - a scroll of identify {unknown}
 g - a scroll of acquirement {unknown}
Potions
 b - a potion of lignification {unknown}
 h - a potion of attraction {unknown}


   Skills:
 * Level 2.3 Fighting
 + Level 2.0 Short Blades
 + Level 2.1 Throwing
 + Level 1.3 Dodging
 + Level 3.9 Stealth


You had 2 spell levels left.
You didn't know any spells.
Your spell library was empty.

Dungeon Overview and Level Annotations

Branches:
Dungeon (2/15)

Annotations:
D:2 Sigmund


Innate Abilities, Weirdness & Mutations

You have an increased reservoir of magic. (+10% MP)
You shall have no god before yourself.
Your divine heritage dramatically boosts your attributes as you level up.


Message History

You are too confused!
You are too confused!
You are too confused!
You are too confused!
You are too confused!
You are too confused!
You are too confused!
You are too confused!
You are too confused!
You are too confused!
Sorry, you're not good enough to have a special ability.
Okay, then.
You're too confused to move!
Sigmund hits you but does no damage.
You barely miss Sigmund.
You bump into the rock wall.
Sigmund hits you with a +2 antimagic scythe.
You hit Sigmund.
Sigmund is lightly wounded.
Sigmund casts a spell at you.
You are more confused.
You bump into the rock wall.
Sigmund barely misses you.
You bump into the rock wall.
You miss Sigmund.
Sigmund is lightly wounded.
Sigmund hits you with a +2 antimagic scythe.
You feel your power leaking away.
You miss Sigmund.
Sigmund is lightly wounded.
You bump into the rock wall.
Sigmund barely misses you.
You bump into the rock wall.
Sigmund hits you with a +2 antimagic scythe.
You feel your power leaking away.
You bump into the rock wall.
You hit Sigmund but do no damage.
Sigmund is lightly wounded.
Sigmund hits you with a +2 antimagic scythe!
* * * LOW HITPOINT WARNING * * *
You feel your power leaking away.
Sigmund hits you from afar with a +2 antimagic scythe!
You die...

#.# #.#
#†# #.#
#>######
#......#
######.#
#.# #@#
#†# #@#
..# ####


You could see Sigmund.

Vanquished Creatures
  An adder (D:2)
  A dart slug (D:1)
  2 ball pythons (D:1)
  6 endoplasms (D:1)
  A giant cockroach (D:1)
  4 goblins
  A quokka (D:2)
  2 bats
  3 kobolds
  5 rats (D:1)
26 creatures vanquished.

Notes
Turn   | Place    | Note
-------+----------+-------------------------------------------
     0 | D:1      | pyrow613 the Demigod Brigand began the quest for the Orb.
     0 | D:1      | Reached XP level 1. HP: 17/17 MP: 3/3
    38 | D:1      | Reached skill level 1 in Dodging
   269 | D:1      | Reached XP level 2. HP: 22/24 MP: 4/4
  1069 | D:2      | Reached XP level 3. HP: 30/30 MP: 5/5
  1077 | D:2      | Noticed Sigmund
  1094 | D:2      | Slain by Sigmund

Illustrated notes

Levels and vault maps discovered:
D:1:      matt_arrival_diagonals, layout_basic
D:2:      layout_loops_ring, uniq_sigmund

Skill      XL: |  1  2 |
---------------+-------+-----
Dodging        | 1 |  1.3
Fighting       | 2 |  2.3
Throwing       | 2 |  2.1
Short Blades   | 2 |  2.0
Stealth        | |  3.9

Action                   || total
-------------------------++-------
Melee: Dagger            ||    51
 Stab: Sleeping          ||    10
       Distracted        ||     1
Armor: Robe              ||     5
       Leather armour    ||     9
Dodge: Dodged            ||    19

Table legend: (Time is in decaauts)
 A = Elapsed time spent in this place.
 B = Non-inter-level travel time spent in this place.
 C = Inter-level travel time spent in this place.
 D = Time resting spent in this place.
 E = Time spent auto-exploring this place.
 F = Levels seen in this place.
 G = Mean time per level.
                   A        B        C        D        E       F      G
               +--------+--------+--------+--------+--------+-----+--------+
         Total |   1089 |   1078 |     11 |      0 |    886 |   2 |  544.5 |
       Dungeon |   1089 |   1078 |     11 |      0 |    886 |   2 |  544.5 |
               +--------+--------+--------+--------+--------+-----+--------+

Top non-repeatable levels by time:
     D:1: 926 daAuts
     D:2: 162 daAuts
